 Dungeon Crawl Stone Soup version 0.29.1-15-g9cfb28693d (webtiles) character file.

Game seed: 11917717001262447562

16053 LustLizard the Grappler (level 12, 0/120 HPs)
             Began as a Troll Fighter on Mar 13, 2023.
             Was an Elder of Wu Jian.
             Slain by a yak (13 damage)
             ... on level 3 of the Lair of Beasts.
             The game lasted 00:27:14 (12359 turns).

LustLizard the Grappler (Troll Fighter)            Turns: 12359, Time: 00:27:15

Health: 0/120      AC: 11    Str: 33    XL:     12   Next: 6%
Magic:  11/11      EV: 10    Int:  8    God:    Wu Jian [****..]
Gold:   902        SH: 14    Dex:  9    Spells: 11/11 levels left

rFire   . . .      SeeInvis .     - Unarmed
rCold   + . .      Faith    .   b - +0 kite shield
rNeg    . . .      Spirit   .   o - +0 acid dragon scales
rPois   .          Reflect  +   (helmet restricted)
rElec   .          Harm     .   d - +2 cloak
rCorr   +          Rampage  .   (gloves unavailable)
Will    .....                   (boots unavailable)
Stlth   +.........              C - amulet of reflection
HPRegen 1.10/turn               i - +6 ring of strength
MPRegen 0.12/turn               y - ring of protection from cold

@: no status effects
A: large, unfitting armour, claws 3, regeneration 1, shaggy fur 1, tough skin 1
a: Renounce Religion, Wall Jump, Serpent's Lash


You were on level 3 of the Lair of Beasts.
You worshipped Wu Jian.
Wu Jian was greatly pleased with you.
You visited 3 branches of the dungeon, and saw 15 of its levels.
You also visited: Bailey.

You collected 902 gold pieces.

Inventory:

Missiles
 g - 12 boomerangs
 q - 42 poisoned darts
 r - a curare-tipped dart
Armour
 b - a +0 kite shield (worn)
 d - a +2 cloak (worn)
 o - +0 acid dragon scales (worn)
 I - a scarf of resistance
Jewellery
 i - a +6 ring of strength (left claw)
 s - a ring of positive energy
 t - a ring of ice
 y - a ring of protection from cold (right claw)
 C - an amulet of reflection (around neck)
 F - an amulet of faith
 K - an amulet of the acrobat
 M - a ring of see invisible
Scrolls
 f - a scroll of enchant weapon
 n - 2 scrolls of torment {unknown}
 u - a scroll of poison
 v - 2 scrolls of magic mapping
 w - a scroll of immolation
 B - a scroll of brand weapon
 D - 5 scrolls of enchant armour
Potions
 c - 4 potions of might
 e - 12 potions of ambrosia
 h - a potion of invisibility {unknown}
 j - 6 potions of mutation
 k - a potion of haste
 l - a potion of lignification
 p - 3 potions of curing
 x - a potion of magic
 z - 2 potions of resistance
 A - 3 potions of brilliance
 E - a potion of cancellation {unknown}
 G - 3 potions of attraction
Miscellaneous
 J - a condenser vane


   Skills:
 + Level 8.3 Fighting
 + Level 6.3 Dodging
 + Level 9.1 Shields
 * Level 13.3 Unarmed Combat


You had 11 spell levels left.
You didn't know any spells.
Your spell library contained the following spells:

 Spells                   Type           Power      Damage    Failure   Level
 Apportation              Tloc           0%         N/A       69%         1
 Slow                     Hex            0%         N/A       69%         1
 Ensorcelled Hibernation  Hex/Ice        0%         N/A       83%         2
 Scorch                   Fire           0%         2d5       83%         2
 Confusing Touch          Hex            0%         N/A       96%         3
 Ignite Poison            Fire/Tmut/Pois 0%         N/A       96%         3
 Portal Projectile        Hex/Tloc       0%         N/A       96%         3
 Spider Form              Tmut/Pois      0%         N/A       96%         3
 Tukima's Dance           Hex            0%         N/A       96%         3
 Vampiric Draining        Necr           0%         2d6       96%         3
 Anguish                  Hex/Necr       0%         N/A       100%        4
 Corpse Rot               Necr/Pois/Air  0%         N/A       100%        4
 Flame Wave               Conj/Fire      0%         2d4       100%        4
 Alistair's Intoxication  Tmut/Pois      0%         N/A       100%        5
 Blade Hands              Tmut           0%         N/A       100%        5
 Summon Forest            Summ/Tloc      0%         N/A       100%        5
 Summon Mana Viper        Hex/Summ       0%         N/A       100%        5
 Eringya's Noxious Bog    Tmut/Pois      0%         N/A       100%        6
 Summon Cactus Giant      Summ           0%         N/A       100%        6
 Summon Hydra             Summ           0%         N/A       100%        7


Dungeon Overview and Level Annotations

Branches:
Dungeon (11/15)            Temple (1/1) D:7            Lair (3/5) D:8
 Shoals (0/4) Lair:2          Orc (0/2) D:11         Bailey (visited)
  Snake: Lair:2-3    Spider: Lair:2-3

Altars:
Dithmenos
Elyvilon
Fedhas
Gozag
Hepliaklqana
Nemelex Xobeh
Qazlal
Sif Muna
Trog
Vehumet
Wu Jian
Xom
Yredelemnul
The Shining One

Shops:
D:2 [

Annotations:
D:9 2 transporters, GigaChad's ghost, novice MiFi


Innate Abilities, Weirdness & Mutations

You are too large for most types of armour.
You have claws for hands.
Your natural rate of healing is unusually fast.
You are covered in fur. (AC +1)
You have tough skin. (AC +1)


Message History

You spin and attack the 11-headed hydra.
You rip one of the 11-headed hydra's heads off!
The ten-headed hydra grows two more!
You claw the 12-headed hydra!
The 12-headed hydra is heavily wounded.
The 12-headed hydra bites you!
* * * LOW HITPOINT WARNING * * *
The 12-headed hydra closely misses you.
You block the 12-headed hydra's attack. x3
The 12-headed hydra closely misses you. x2
The 12-headed hydra bites you but does no damage. x2
The 12-headed hydra bites you.
* * * LOW HITPOINT WARNING * * *
The 12-headed hydra bites you!
* * * LOW HITPOINT WARNING * * *
The 12-headed hydra bites you but does no damage.
Your surroundings suddenly seem different. 3 blink frogs, 6 yaks and a cane toad come into view.
The blink frog gives a loud, deep croak!
The blink frog croaks.
The yak bellows! x4; The cane toad croaks.
You block the blink frog's attack. The yak gores you.
* * * LOW HITPOINT WARNING * * *
You block the blink frog's attack. The yak gores you but does no damage.
The yak barely misses you.
You feel much better. You block the blink frog's attack.
The blink frog blinks!
The blink frog hits you!
* * * LOW HITPOINT WARNING * * *
The blink frog blinks!
The yak gores you.
* * * LOW HITPOINT WARNING * * *
You block the yak's attack. The yak gores you.
* * * LOW HITPOINT WARNING * * *
You block the yak's attack.
As you read the scroll labelled RALEUKYFFA, it crumbles to dust.
You hear a loud clanging noise!
It was a scroll of noise.
You hear an angry hiss.
You hear a shout! x2; You hear an angry hiss.
You hear a bellow!
The blink frog hits you but does no damage.
The blink frog hits you.
* * * LOW HITPOINT WARNING * * *
You block the yak's attack. The yak closely misses you. The yak gores you!
You die...

#..## .....
.# #..... ⌠..
....#
....#####...#
#.....#.....#
.##...FYY.#
...F..F@YY#
#......YY...#
###.⌠..F⌠.###
#.......#
#....⌠...#
##.......#
....##...
...## #...


You could see 6 yaks, a cane toad and 3 blink frogs.

Vanquished Creatures
  A centaur warrior (D:11)
  3 orc knights (Bailey)
  An ugly thing (D:11)
  A deep elf pyromancer (D:9)
  Joseph (D:9)
  2 cane toads
  A gargoyle (D:11)
  A komodo dragon (D:11)
  A queen bee (D:9)
  4 trolls
  2 hornets (D:8)
  2 wraiths
  13 yaks (D:9)
  A wyvern (D:9)
  A basilisk (D:11)
  An acid dragon (D:7)
  6 water moccasins
  13 orc warriors
  2 black bears
  An ice beast (D:7)
  3 sky beasts
  An ogre (D:5)
  5 wolves (Lair:2)
  5 centaurs
  A phantom (D:4)
  4 kobold brigands
  9 bullfrogs
  A necrophage (D:4)
  5 scorpions
  7 wights
  32 killer bees
  2 electric eels
  2 howler monkeys (D:6)
  3 hounds
  3 jellies (D:4)
  10 orc priests
  3 iguanas
  9 orc wizards
  5 hell rats (Lair:1)
  9 adders
  A white imp (D:7)
  2 worms
  2 dart slugs
  87 orcs
  6 bats
  7 endoplasms
  4 giant cockroaches
  9 goblins
  8 hobgoblins
  3 jackals (D:1)
  4 quokkas
  3 ball pythons (D:2)
  A frilled lizard (D:2)
  25 kobolds
  7 rats
346 creatures vanquished.

Vanquished Creatures (others)
  Maurice (D:9)
  A kobold brigand (D:10)
  2 fungi (Lair:2)
  3 plants
7 creatures vanquished.

Grand Total: 353 creatures vanquished

Notes
Turn   | Place    | Note
-------+----------+-------------------------------------------
     0 | D:1      | LustLizard the Troll Fighter began the quest for the Orb.
     0 | D:1      | Reached XP level 1. HP: 22/22 MP: 0/0
   130 | D:1      | Reached XP level 2. HP: 29/29 MP: 1/1
   581 | D:2      | Reached XP level 3. HP: 36/36 MP: 2/2
   586 | D:2      | Found Ciuhiate's Antique Armour Emporium.
   715 | D:2      | Found a faded altar of an unknown god.
   728 | D:2      | Reached skill level 3 in Unarmed Combat
   838 | D:2      | Reached XP level 4. HP: 44/44 MP: 3/3
   993 | D:3      | Noticed a scorpion
  1002 | D:3      | Killed a scorpion
  1079 | D:3      | Reached XP level 5. HP: 53/53 MP: 4/4
  1098 | D:3      | Reached skill level 4 in Unarmed Combat
  1467 | D:3      | Found a shadowy altar of Dithmenos.
  1874 | D:4      | Noticed a phantom
  2290 | D:4      | Reached XP level 6. HP: 59/61 MP: 5/5
  2317 | D:4      | Reached skill level 5 in Unarmed Combat
  2530 | D:4      | Reached XP level 7. HP: 57/67 MP: 6/6
  2743 | D:5      | Entered Level 5 of the Dungeon
  2876 | D:5      | Reached skill level 6 in Unarmed Combat
  3447 | D:5      | Reached skill level 5 in Shields
  3447 | D:5      | Reached XP level 8. HP: 76/79 MP: 7/7
  3461 | D:5      | Reached skill level 7 in Unarmed Combat
  3708 | D:5      | Found a basalt altar of Yredelemnul.
  4046 | D:6      | Reached skill level 5 in Fighting
  4511 | D:6      | Reached skill level 8 in Unarmed Combat
  4760 | D:7      | Found a staircase to the Ecumenical Temple.
  4767 | Temple   | Entered the Ecumenical Temple
  4820 | Temple   | Became a worshipper of the Wu Jian Council
  5116 | D:7      | Reached XP level 9. HP: 23/88 MP: 8/8
  5304 | D:7      | HP: 2/88 [acid dragon (5)]
  5398 | D:7      | Got Zin Zoeg's Writings on Bloody Variation
  5597 | D:7      | Reached skill level 9 in Unarmed Combat
  6102 | D:8      | Reached * piety under Wu Jian
  6286 | D:8      | Found a staircase to the Lair.
  6340 | D:8      | Reached skill level 10 in Unarmed Combat
  6526 | D:9      | Reached XP level 10. HP: 68/100 MP: 9/9
  6636 | D:9      | Noticed Joseph
  6650 | D:9      | Killed Joseph
  6651 | D:9      | Reached skill level 11 in Unarmed Combat
  6756 | D:9      | Reached ** piety under Wu Jian
  6954 | D:9      | Found a flagged portal.
  6959 | Bailey   | Entered a bailey
  7330 | Bailey   | Reached XP level 11. HP: 104/109 MP: 10/10
  7403 | Bailey   | Noticed an orc knight
  7403 | Bailey   | Noticed an orc knight
  7403 | Bailey   | Noticed an orc knight
  7523 | Bailey   | Killed an orc knight
  7524 | Bailey   | Reached skill level 5 in Dodging
  7525 | Bailey   | Killed an orc knight
  7534 | Bailey   | Identified the +6 dagger of Ravage {antimagic, rCorr}
  7538 | Bailey   | Killed an orc knight
  7539 | Bailey   | Reached skill level 12 in Unarmed Combat
  7936 | D:9      | Noticed GigaChad's ghost (novice MiFi)
  7938 | D:9      | Found a transporter.
  7944 | D:9      | Noticed a centaur warrior
  7944 | D:9      | Noticed a deep elf pyromancer
  7945 | D:9      | Noticed a deep elf pyromancer
  7945 | D:9      | Noticed a two-headed ogre
  7971 | D:9      | Killed a deep elf pyromancer
  7974 | D:9      | Noticed a two-headed ogre
  8057 | D:9      | Reached *** piety under Wu Jian
  8213 | D:9      | Found a transporter.
  8291 | D:9      | Noticed Maurice
  8300 | D:9      | Killed Maurice
  8372 | D:9      | Found a glowing golden altar of the Shining One.
  8738 | D:10     | Entered Level 10 of the Dungeon
  9056 | D:10     | Found a shimmering blue altar of Sif Muna.
  9270 | D:11     | Noticed a red ugly thing
  9627 | D:11     | Reached **** piety under Wu Jian
  9685 | D:11     | Found a staircase to the Orcish Mines.
  9783 | D:11     | Noticed a centaur warrior
  9798 | D:11     | Killed a centaur warrior
  9887 | D:11     | Noticed a six-headed hydra
  9891 | D:11     | Killed a red ugly thing
  9945 | D:11     | Noticed a two-headed ogre
  9948 | D:11     | Noticed an orc knight
  9973 | D:11     | Noticed a vampire knight
 10017 | D:11     | Reached skill level 13 in Unarmed Combat
 10152 | Lair:1   | Entered Level 1 of the Lair of Beasts
 11221 | Lair:2   | Reached XP level 12. HP: 116/120 MP: 11/11
 11466 | Lair:2   | Found a staircase to the Shoals.
 12343 | Lair:3   | Noticed an eight-headed hydra
 12359 | Lair:3   | Slain by a yak

Illustrated notes

Levels and vault maps discovered:
D:1:      psy_arrival_basics, layout_rooms, kennysheep_boxes
D:2:      layout_rooms, basic_ecumenical_altar, serial_shops, shop_statue,
          minmay_heptomino_d4
D:3:      layout_rooms, grunt_dithmenos_smoke_and_mirrors
D:4:      layout_basic
D:5:      layout_loops_cross, mainiacjoe_overflow_alcove_4
D:6:      layout_gridville
D:7:      layout_basic, minmay_temple_entry_purple_smoke
D:8:      layout_rooms, lair_entry_dummy
D:9:      layout_basic, lemuel_tele_altar, special_room [special_room_bee],
          enter_bailey_3, nzn_ghost_randoct, uniq_joseph, uniq_maurice
D:10:     layout_roguey, mainiacjoe_overflow_tiny_flanked
D:11:     minmay_the_grid_square_5x5_5x5 [minmay_the_grid_square_5x5_n,
          minmay_the_grid_square_5x5_minimal,
          minmay_the_grid_square_5x5_dogpile,
          minmay_the_grid_square_5x5_eight_small,
          minmay_the_grid_square_5x5_two,
          minmay_the_grid_square_5x5_checkered_sparse,
          minmay_the_grid_square_5x5_prize_deathbox,
          minmay_the_grid_square_5x5_spiral,
          minmay_the_grid_square_5x5_prize_gold,
          minmay_the_grid_square_5x5_moneybag, minmay_the_grid_square_5x5_six,
          minmay_the_grid_square_5x5_three,
          minmay_the_grid_square_5x5_prize_waves,
          minmay_the_grid_square_5x5_pentomino_r,
          minmay_the_grid_square_5x5_comb, minmay_the_grid_square_5x5_gyroscope,
          minmay_the_grid_square_5x5_prize_snowflake,
          minmay_the_grid_square_5x5_shrine1,
          minmay_the_grid_square_5x5_prize_monsterx,
          minmay_the_grid_square_5x5_mess, minmay_the_grid_square_5x5_n_small,
          minmay_the_grid_square_5x5_detours, minmay_the_grid_square_5x5_meh,
          minmay_the_grid_square_5x5_checkered,
          minmay_the_grid_square_5x5_three_walls], layout_loops_ring,
          hiddenorc2_lemuel, uniq_fannar
Temple:   regret_index_temple_chain_breaker
Lair:1:   layout_regular_city, chequers_serial_rivers_micro_e,
          infiniplex_staircase_pool
Lair:2:   layout_layer_cave, shoals_dummy_entry, beast_lair_carwin_11,
          grunt_megastairs_2
Lair:3:   layout_gridlike, minmay_snake_entry_guardpost_small, serial_forest,
          infiniplex_forest_end_2, infiniplex_forest_end_1,
          infiniplex_forest_3_way, infiniplex_forest_clump_diagonal,
          infiniplex_forest_clump_double, infiniplex_forest_straight_3,
          infiniplex_forest_clump_large, infiniplex_forest_clump_tiny,
          chequers_serial_rivers_micro_a, grunt_megastairs_4, uniq_snorg

Skill      XL: |  1  2  3  4  5  6  7  8  9 10 11 |
---------------+----------------------------------+-----
Shields        | 3 4 5 6 7 8 9 |  9.1
Unarmed Combat | 3 4 5 6 8 10 11 13 | 13.3
Fighting       | 3 4 5 6 7 8 |  8.3
Dodging        | 3 4 6 |  6.3

Action                   |  1- 3 |  4- 6 |  7- 9 | 10-12 || total
-------------------------+-------+-------+-------+-------++-------
Melee: Unarmed           |    90 |   113 |   334 |   518 ||  1055
Throw: Dart              |       |     8 |    10 |     6 ||    24
       Boomerang         |       |     7 |       |     6 ||    13
Invok: Lunge             |       |       |     8 |    44 ||    52
       Whirlwind         |       |       |       |    46 ||    46
Evoke: Wand              |       |       |       |    11 ||    11
  Use: Scroll            |     1 |     1 |     6 |    15 ||    23
       Potion            |       |       |     2 |     4 ||     6
 Stab: Sleeping          |     1 |     2 |     1 |       ||     4
Armor: Robe              |    29 |    21 |    41 |       ||    91
       Acid dragon scale |       |       |    38 |   138 ||   176
Dodge: Dodged            |    36 |    38 |    79 |   144 ||   297
Block: Kite shield       |    43 |    34 |   114 |   419 ||   610
       Reflection        |       |       |     4 |    19 ||    23
